 Dungeon Crawl Stone Soup version 0.30.1 (webtiles) character file.

Game seed: 16262829773563551932

1043 Peloso the Slasher (level 8, -1/69 HPs)
             Began as a Minotaur Fighter on July 6, 2023.
             Slain by an ogre
             ... wielding a +0 giant spiked club
              (9 damage)
             ... on level 5 of the Dungeon.
             The game lasted 00:07:23 (4680 turns).

Peloso the Slasher (Minotaur Fighter)               Turns: 4680, Time: 00:07:24

Health: -1/69      AC:  7    Str: 21    XL:     8   Next: 4%
Magic:  7/7        EV: 10    Int:  5    God:
Gold:   267        SH:  5    Dex: 12    Spells: 7/7 levels left

rFire   + . .        a - +0 long sword
rCold   . . .        c - +0 buckler
rNeg    . . .        b - +0 scale mail
rPois   .            (helmet restricted)
rElec   .            (no cloak)
rCorr   .            (no gloves)
SInv    .            (no boots)
Will    .....        (no amulet) Stlth
                     r - ring of protection from fire
HPRegen 0.31/turn    (no ring)
MPRegen 0.10/turn

%: no passive effects
@: no status effects
A: horns 2, retaliatory headbutt
a: no special abilities


You were on level 5 of the Dungeon.
You visited 1 branch of the dungeon, and saw 5 of its levels.

You collected 267 gold pieces.

Inventory:

Hand Weapons
 a - a +0 long sword (weapon)
Armour
 b - a +0 scale mail (worn)
 c - a +0 buckler (worn)
Jewellery
 q - an amulet of faith
 r - a ring of protection from fire (left hand)
Wands
 p - a wand of flame (26)
Scrolls
 e - a scroll of enchant weapon {unknown}
 f - 2 scrolls of blinking
 j - 2 scrolls of vulnerability {unknown}
 m - 2 scrolls of teleportation {unknown}
Potions
 d - 2 potions of might
 h - a potion of heal wounds
 i - 2 potions of resistance
 k - a potion of haste
 n - 2 potions of cancellation
 o - a potion of brilliance


   Skills:
 + Level 5.5 Fighting
 + Level 6.9 Long Blades
 + Level 6.7 Armour
 + Level 2.3 Dodging
 + Level 1.1 Stealth
 + Level 5.8 Shields


You had 7 spell levels left.
You didn't know any spells.
Your spell library contained the following spells:

 Spells                   Type           Power      Damage    Failure   Level
 Foxfire                  Conj/Fire      0%         2x1d4     85%         1
 Call Canine Familiar     Summ           0%         N/A       99%         3
 Portal Projectile        Hex/Tloc       0%         N/A       99%         3
 Leda's Liquefaction      Hex/Erth       0%         N/A       100%        4
 Fireball                 Conj/Fire      0%         3d3       100%        5
 Plasma Beam              Fire/Air       0%         2x1d11    100%        6
 Starburst                Conj/Fire      0%         6d3       100%        6


Dungeon Overview and Level Annotations

Branches:
Dungeon (5/15)
 Temple: D:4-7

Altars:
Elyvilon
Makhleb
Vehumet
Wu Jian


Innate Abilities, Weirdness & Mutations

You have a pair of horns on your head.
You reflexively headbutt those who attack you in melee.


Message History

The iguana bites you but does no damage.
You barely miss the iguana.
The iguana is heavily wounded.
The iguana bites you but does no damage.
You barely miss the iguana.
The iguana is heavily wounded.
The iguana closely misses you.
You hit the iguana.
The iguana is severely wounded.
The iguana closely misses you.
You closely miss the iguana. You headbutt the iguana.
The iguana is almost dead.
The iguana closely misses you.
You barely miss the iguana.
The iguana is almost dead.
The iguana bites you.
You barely miss the iguana. You headbutt the iguana.
The iguana is almost dead.
You block the iguana's attack.
You hit the iguana.
You kill the iguana!
You see here an iguana corpse.
An ogre comes into view. It is wielding a +0 giant spiked club.
The ogre shouts!
An ogre is nearby!
An ogre is nearby!
Found a cyan potion.
The ogre hits you with a +0 giant spiked club!!
You hit the ogre but do no damage.
The ogre hits you with a +0 giant spiked club!
You slash the ogre!
The ogre is moderately wounded.
The ogre hits you with a +0 giant spiked club!!
* * * LOW HITPOINT WARNING * * *
You barely miss the ogre. You headbutt the ogre!
The ogre is severely wounded.
You barely miss the ogre. You headbutt the ogre.
The ogre is almost dead.
The ogre hits you with a +0 giant spiked club!
You die...

...# ###...#.#
#..
...###...###.##
#....
.†.##...## ##.#
#.....
...#..### #.##
#...... .....##
##.##.......
#..###
#.#........
..##
##......... ###
#......... #
#.@.......
##O.......
#........
##.......
....... ......!
.#..... ###....


You could see an ogre.

Vanquished Creatures
  Grinder (D:3)
  A black bear (D:3)
  2 ogres
  2 centaurs
  A scorpion (D:4)
  An orc priest (D:4)
  A jelly (D:5)
  Ijyb (D:4)
  Natasha (twice) (D:2)
  An iguana (D:5)
  An orc wizard (D:4)
  9 adders
  A worm (D:3)
  4 dart slugs
  8 orcs
  9 endoplasms
  3 giant cockroaches (D:1)
  4 goblins
  6 hobgoblins
  13 jackals
  4 quokkas (D:1)
  10 ball pythons
  3 bats
  8 frilled lizards
  2 kobolds
  4 rats
102 creatures vanquished.

Notes
Turn   | Place    | Note
-------+----------+-------------------------------------------
     0 | D:1      | Peloso the Minotaur Fighter began the quest for the Orb.
     0 | D:1      | Reached XP level 1. HP: 19/19 MP: 0/0
   269 | D:1      | Reached XP level 2. HP: 27/27 MP: 1/1
   616 | D:1      | Reached XP level 3. HP: 33/33 MP: 2/2
  1354 | D:2      | Reached XP level 4. HP: 15/40 MP: 3/3
  1685 | D:2      | Noticed Natasha
  1690 | D:2      | Killed Natasha
  1969 | D:2      | Noticed Natasha
  1973 | D:2      | Killed Natasha
  1974 | D:2      | Reached XP level 5. HP: 46/46 MP: 4/4
  2117 | D:3      | Noticed Grinder
  2118 | D:3      | Paralysed by Grinder for 2 turns
  2136 | D:3      | Paralysed by Grinder for 2 turns
  2142 | D:3      | Killed Grinder
  2143 | D:3      | Reached skill level 5 in Long Blades
  2143 | D:3      | Reached skill level 5 in Armour
  2143 | D:3      | Reached skill level 1 in Dodging
  2143 | D:3      | Reached skill level 5 in Shields
  2143 | D:3      | Reached XP level 6. HP: 40/53 MP: 5/5
  2271 | D:3      | Found a burning altar of Makhleb.
  2524 | D:3      | Found an ornate altar of the Wu Jian Council.
  2879 | D:3      | Found a radiant altar of Vehumet.
  3050 | D:4      | Reached skill level 5 in Fighting
  3050 | D:4      | Reached XP level 7. HP: 40/61 MP: 6/6
  3184 | D:4      | Reached skill level 1 in Stealth
  3405 | D:4      | Noticed Ijyb
  3413 | D:4      | Killed Ijyb
  3438 | D:4      | Found a white marble altar of Elyvilon.
  3963 | D:5      | Entered Level 5 of the Dungeon
  4382 | D:5      | Reached XP level 8. HP: 43/69 MP: 7/7
  4680 | D:5      | Slain by an ogre

Illustrated notes

Levels and vault maps discovered:
D:1:      kennysheep_arrival_seaside, layout_basic, st_stairs_14
D:2:      layout_basic, uniq_natasha
D:3:      wad_crossroads, layout_rooms, nicolae_vehumet_altar_sigil,
          mainiacjoe_overflow_paths, mainiacjoe_overflow_chevrons,
          grunt_ministairs_2, amethyst_killhole, uniq_grinder
D:4:      layout_basic, nicolae_elyvilon_peaceful_grove, uniq_ijyb
D:5:      layout_cave_pods, nicolae_uskayaw_murder_on_the_dancefloor,
          ashenzari_altar_1

Skill      XL: |  1  2  3  4  5  6  7 |
---------------+----------------------+-----
Armour         | 4 5 6 |  6.7
Fighting       | 4 5 |  5.5
Shields        | 4 5 |  5.8
Long Blades    | 3 5 6 |  6.9
Dodging        | 1 2 |  2.3
Stealth        | 1 |  1.1

Action                     |  1- 3 |  4- 6 |  7- 9 || total
---------------------------+-------+-------+-------++-------
  Melee: Long sword        |   109 |   112 |    72 ||   293
         Headbutt          |    16 |    18 |    17 ||    51
    Use: Potion            |     1 |     3 |     1 ||     5
         Scroll            |       |     3 |     3 ||     6
 Armour: Scale mail        |    62 |    66 |    41 ||   169
  Dodge: Dodged            |    70 |    76 |    53 ||   199
  Block: Buckler           |    43 |    32 |    25 ||   100
